 Dungeon Crawl Stone Soup version 0.30-a0-830-gfe289a77b0 (webtiles) character file.

Game seed: 7639095986241248275

1096 bande the Chopper (level 8, -2/49 HPs)
             Began as a Gargoyle Fighter on Feb 28, 2023.
             Killed by divine providence
             ... invoked by an orc priest
              (11 damage)
             ... on level 6 of the Dungeon.
             The game lasted 00:10:10 (4897 turns).

bande the Chopper (Gargoyle Fighter)                Turns: 4897, Time: 00:10:11

Health: -2/49      AC: 28    Str: 24    XL:     8   Next: 31%
Magic:  17/17      EV:  7    Int:  9    God:
Gold:   590        SH:  5    Dex: 14    Spells: 5/7 levels left

rFire   . . .      SeeInvis .    a - +0 war axe
rCold   . . .      Faith    .    c - +0 buckler
rNeg    + . .      Spirit   .    m - +4 chain mail of Responsibility {Fly}
rPois   ∞          Reflect  .    r - +2 helmet
rElec   +          Harm     .    k - +0 cloak
rCorr   .          Rampage  .    q - +2 pair of gloves {Dex+3}
Will    +....                    e - +0 pair of boots of the Robin {MP+9 Str+4 Stlth+} Stlth
                                 (no amulet)
HPRegen 0.28/turn                h - ring of willpower
MPRegen 0.15/turn                (no ring)

@: flying
A: sickness immunity, AC +5, negative energy resistance 1, electricity
resistance, torment resistance 1, petrification resistance
a: no special abilities


You were on level 6 of the Dungeon.
You visited 2 branches of the dungeon, and saw 7 of its levels.

You collected 1132 gold pieces.
You spent 542 gold pieces at shops.

Inventory:

Hand Weapons
 a - a +0 war axe (weapon)
 t - a +5 morningstar
 v - a +0 war axe
Armour
 c - a +0 buckler (worn)
 e - the +0 pair of boots of the Robin (worn) {MP+9 Str+4 Stlth+}
   (You acquired it on level 4 of the Dungeon)

   Str:       It affects your strength (+4).
   MP:        It affects your magic capacity (+9).
   Stlth:     It makes you more stealthy.
 k - a +0 cloak (worn)
 m - the +4 chain mail of Responsibility (worn) {Fly}
   (You bought it in a shop on level 1 of the Dungeon)

   Fly:       It grants you flight.
 p - a +0 hat
 q - a +2 pair of gloves of dexterity (worn)
 r - a +2 helmet (worn)
Jewellery
 b - a ring of ice
 h - a ring of willpower (left hand)
 j - a ring of ice
 u - the amulet of the Moon {Acrobat *Slow rElec rCorr}
   (You found it on level 4 of the Dungeon)

   [amulet of the acrobat]

   It increases your evasion while moving and waiting.
   rElec:     It insulates you from electricity.
   rCorr:     It protects you from acid and corrosion.
   *Slow:     It may slow you when you take damage.
Wands
 l - a wand of roots (5)
 s - a wand of quicksilver (5)
Scrolls
 o - a scroll of magic mapping
Potions
 d - a potion of brilliance
 f - a potion of magic
 g - 2 potions of haste
 i - 2 potions of mutation
 n - a potion of cancellation


   Skills:
 + Level 5.1 Fighting
 + Level 5.8 Axes
 + Level 5.0 Armour
 + Level 5.0 Shields
 * Level 3.2 Translocations
 * Level 0.2 Evocations


You had 5 spell levels left.
You knew the following spells:

 Your Spells              Type           Power      Damage    Failure   Level
a - Blink                 Tloc           10%        N/A       80%         2

Your spell library contained the following spells:

 Spells                   Type           Power      Damage    Failure   Level
 Lesser Beckoning         Tloc           10%        N/A       80%         2
 Momentum Strike          Conj/Tloc      4%         3d8       95%         2
 Kiss of Death            Conj/Necr      0%         2d5       98%         1
 Static Discharge         Conj/Air       0%         2-2/arc   99%         2
 Vhi's Electric Charge    Tloc/Air       4%         N/A       99%         3
 Confusing Touch          Hex            0%         N/A       100%        3
 Ignite Poison            Fire/Tmut/Pois 0%         N/A       100%        3
 Ozocubu's Armour         Ice            0%         N/A       100%        3
 Dispel Undead            Necr           0%         3d6       100%        4
 Sticky Flame             Conj/Fire      0%         2d3       100%        4
 Arcjolt                  Conj/Air       0%         1d10      100%        5
 Lightning Bolt           Conj/Air       0%         1d11      100%        5
 Ozocubu's Refrigeration  Ice            0%         4d7       100%        7
 Ignition                 Fire           0%         3d3       100%        8


Dungeon Overview and Level Annotations

Branches:
Dungeon (6/15)             Temple (1/1) D:6

Altars:
Cheibriados
Dithmenos
Elyvilon
Fedhas
Gozag
Nemelex Xobeh
Okawaru
Qazlal
Ru
Sif Muna
Trog
Uskayaw
Vehumet
Wu Jian
Xom
Yredelemnul
Zin
The Shining One

Shops:
D:1 [:(

Annotations:
D:6 Maggie


Innate Abilities, Weirdness & Mutations

You are immune to sickness and miasma.
Your stone body is resilient. (AC +5)
You are immune to poison.
You resist negative energy. (rN+)
You are resistant to electric shocks. (rElec)
You are resistant to unholy torment.
You are immune to petrification.


Message History

Done exploring.
No target in view!
Done exploring.
You see here 4 stones.
There is a stone staircase leading down here.
You fly downwards.
There is a stone staircase leading up here.
Found a long sword.
You now have 590 gold pieces (gained 14).
You reach down and open the door.
Found an iron altar of Okawaru.
Maggie and an orc come into view.
Maggie is wielding a +1 glaive of distortion and carrying a wand of polymorph (14).
Okay, then.
Unknown command.
Unknown command.
An orc priest and an orc come into view.
Maggie shouts!
The orc wizard shouts!
The orc shouts!
The orc priest shouts!
The orc shouts!
The orc priest invokes the aid of Beogh against you.
Beogh smites you!
The orc wizard gestures at you while chanting.
The puff of flame misses you. Maggie gestures at you while chanting.
The bolt of fire hits you!
The orc moves out of view.
You hear a shout!
There is an open door here.
An orc wizard comes into view. It is wielding a +0 dagger.
The orc wizard shouts!
The orc wizard gestures wildly while chanting.
The orc wizard flickers and vanishes!
Deactivating autopickup; reactivate with Ctrl-A.
The orc wizard hits you but does no damage.
Maggie hits you but does no damage. Space warps horribly around you!
* * * LOW HITPOINT WARNING * * *
You slash the orc wizard!
The orc wizard is almost dead.
The orc priest invokes the aid of Beogh against you.
Beogh smites you!
You die...

#.# '##' #.#
... #.# ..
###.########
'##+..........#
#..##...#####.#
#'### #..##..##
#...o.#..##..#
{.._o@o@.'...#
#....o#..#...#
#+### #..##..#
#..##.##
+##+..# #.# #.#
#.#


You could see Maggie, an orc priest, an orc wizard and 2 orcs.

Vanquished Creatures
  Eustachio (D:4)
  A phantom (D:5)
  A necrophage (D:5)
  2 scorpions (D:5)
  5 wights (D:5)
  2 jellies
  3 orc priests
  2 hounds
  3 orc wizards
  Robin (D:4)
  5 adders
  2 worms
  6 dart slugs
  6 orcs
  4 endoplasms
  5 giant cockroaches
  11 hobgoblins
  2 quokkas (D:5)
  4 ball pythons
  7 bats
  2 frilled lizards
  14 goblins
  2 kobolds (D:4)
  6 rats
97 creatures vanquished.

Notes
Turn   | Place    | Note
-------+----------+-------------------------------------------
     0 | D:1      | bande the Gargoyle Fighter began the quest for the Orb.
     0 | D:1      | Reached XP level 1. HP: 14/14 MP: 1/1
    31 | D:1      | Found Xonliwij's Antique Armour Shoppe.
   140 | D:1      | Reached XP level 2. HP: 19/19 MP: 2/2
   148 | D:1      | Found Pazeqav's Book Boutique.
   448 | D:1      | Found Rifut's Weapon Shop.
   898 | D:2      | Reached XP level 3. HP: 16/23 MP: 3/3
  1102 | D:2      | Learned a level 2 spell: Blink
  1537 | D:1      | Bought a twisted chain mail for 161 gold pieces
  1537 | D:1      | Identified the +4 chain mail of Responsibility {Fly} (You
                  | bought it in a shop on level 1 of the Dungeon)
  1747 | D:3      | Reached XP level 4. HP: 29/29 MP: 4/4
  2073 | D:3      | Identified a scroll of acquirement
  2073 | D:3      | Acquired 804 gold pieces
  2295 | D:1      | Bought a pair of glowing gloves for 127 gold pieces
  2295 | D:1      | Bought a pair of glowing gloves for 127 gold pieces
  2295 | D:1      | Bought a pair of embroidered gloves for 127 gold pieces
  2432 | D:4      | Acquired the +0 pair of boots of the Robin {MP+9 Str+4
                  | Stlth+}
  2627 | D:4      | Reached skill level 1 in Translocations
  2627 | D:4      | Reached XP level 5. HP: 33/33 MP: 5/5
  2906 | D:4      | You are sucked into a shaft and drop 2 floors!
  2906 | D:6      | Found a staircase to the Ecumenical Temple.
  2913 | Temple   | Entered the Ecumenical Temple
  3070 | D:5      | Entered Level 5 of the Dungeon
  3143 | D:4      | Noticed Robin
  3156 | D:4      | Reached XP level 6. HP: 28/38 MP: 6/6
  3158 | D:4      | Killed Robin
  3305 | D:4      | Noticed Eustachio
  3462 | D:4      | Killed Eustachio
  3534 | D:4      | Reached XP level 7. HP: 30/44 MP: 7/7
  3741 | D:4      | Identified the amulet of the Moon {Acrobat *Slow rElec
                  | rCorr}
  4322 | D:5      | Reached skill level 5 in Axes
  4535 | D:5      | Reached XP level 8. HP: 24/48 MP: 8/8
  4550 | D:5      | Reached skill level 5 in Fighting
  4559 | D:5      | Reached skill level 5 in Armour
  4559 | D:5      | Reached skill level 5 in Shields
  4893 | D:6      | Found an iron altar of Okawaru.
  4894 | D:6      | Noticed Maggie
  4897 | D:6      | Killed from afar by an orc priest

Illustrated notes

Levels and vault maps discovered:
D:1:      minmay_arrival_solitary_statue, layout_basic, serial_shops,
          shop_statue, nicolae_shop_temple_entry_statues_fountains,
          nicolae_shop_bloodbath_and_beyond, minmay_tetromino_o2
D:2:      layout_loops_ring
D:3:      layout_rooms
D:4:      layout_loops_corners, minmay_misc_feat_alley, uniq_robin,
          uniq_eustachio
D:5:      layout_loops_cross
D:6:      layout_loops_ring, mainiacjoe_overflow_24_doors,
          gammafunk_temple_overflow_claw, temple_fountains, uniq_pikel,
          uniq_maggie, uniq_duvessa
Temple:   minmay_temple_bridge_d

Skill      XL: |  1  2  3  4  5  6  7  8 |
---------------+-------------------------+-----
Axes           | 2 3 4 5 |  5.8
Fighting       | 4 5 |  5.1
Shields        | 4 5 |  5.0
Translocations | 1 2 3 |  3.2
Armour         | 4 5 |  5.0
Evocations     | |  0.2

Action                     |  1- 3 |  4- 6 |  7- 9 || total
---------------------------+-------+-------+-------++-------
  Melee: War axe           |    96 |   241 |   101 ||   438
    Use: Scroll            |     3 |     6 |     3 ||    12
         Potion            |       |     3 |     2 ||     5
   Stab: Invisible         |       |       |     2 ||     2
 Armour: Scale mail        |    59 |       |       ||    59
         Chain mail        |    12 |   296 |    88 ||   396
  Dodge: Dodged            |    52 |   114 |    42 ||   208
  Block: Buckler           |    27 |    77 |    37 ||   141

Table legend: (Time is in decaauts)
 A = Elapsed time spent in this place.
 B = Non-inter-level travel time spent in this place.
 C = Inter-level travel time spent in this place.
 D = Time resting spent in this place.
 E = Time spent auto-exploring this place.
 F = Levels seen in this place.
 G = Mean time per level.
                   A        B        C        D        E       F      G
               +--------+--------+--------+--------+--------+-----+--------+
         Total |   5055 |   4596 |    459 |    331 |   3101 |   7 |  722.1 |
       Dungeon |   4917 |   4482 |    435 |    331 |   2998 |   6 |  819.5 |
        Temple |    137 |    113 |     24 |      0 |    103 |   1 |  137.0 |
               +--------+--------+--------+--------+--------+-----+--------+

Top non-repeatable levels by time:
     D:4: 1323 daAuts
     D:1: 963 daAuts
     D:5: 960 daAuts
     D:2: 793 daAuts
     D:3: 779 daAuts
  Temple: 137 daAuts
     D:6: 97 daAuts
